 Dungeon Crawl Stone Soup version 0.32-a0-13-gbaedc5810e (webtiles) character file.

Game seed: 6599235185366537813

87 Essalna the Digger (level 4, -4/24 HPs)
             Began as a Gargoyle Earth Elementalist on Jan 15, 2024.
             Slain by a river rat (8 damage)
             ... summoned by Eustachio
             ... on level 4 of the Dungeon.
             The game lasted 00:06:06 (3029 turns).

Essalna the Digger (Gargoyle Earth Elementalist)    Turns: 3029, Time: 00:06:06

Health: -4/24      AC:  5    Str: 12    XL:     4   Next: 51%
Magic:  2/8        EV: 11    Int: 17    God:
Gold:   155        SH:  3    Dex: 10    Spells: 4/8 levels left

rFire   . . .        d - +2 dagger (flame)
rCold   . . .        p - +0 buckler
rNeg    + . .        a - +0 robe
rPois   ∞            (no helmet)
rElec   +            (no cloak)
rCorr   .            (no gloves)
SInv    .            (no boots)
Will    .....        r - amulet of regeneration
Stlth   ++           (no ring)
HPRegen 1.04/turn    (no ring)
MPRegen 0.11/turn

%: no passive effects
@: no status effects
A: sickness immunity, AC +3, negative energy resistance 1, electricity
resistance, torment resistance 1, petrification resistance
a: no special abilities


You were on level 4 of the Dungeon.
You visited 1 branch of the dungeon, and saw 4 of its levels.

You collected 155 gold pieces.

Inventory:

Hand Weapons
 d - a +2 dagger of flaming (weapon)
Missiles
 c - 6 javelins
Armour
 a - a +0 robe (worn)
 p - a +0 buckler (worn)
Jewellery
 r - an amulet of regeneration (around neck)
 s - an amulet of guardian spirit
Scrolls
 e - 3 scrolls of revelation {unknown}
 h - a scroll of poison {unknown}
 i - 3 scrolls of identify {unknown}
 k - a scroll of blinking {unknown}
 m - a scroll of teleportation {unknown}
 n - a scroll of vulnerability {unknown}
Potions
 b - a potion of magic
 f - 2 potions of might {unknown}
 g - a potion of brilliance {unknown}
 j - 2 potions of mutation {unknown}
 l - 2 potions of resistance {unknown}
 o - a potion of lignification {unknown}
 q - 2 potions of degeneration {unknown}


   Skills:
 - Level 1.5 Dodging
 - Level 2.1 Stealth
 + Level 0.7 Shields
 + Level 2.9 Spellcasting
 + Level 2.6 Conjurations
 + Level 4.5 Earth Magic


You had 4 spell levels left.
You knew the following spells:

 Your Spells              Type           Power      Damage    Failure   Level
a - Sandblast             Erth           36%        2d10      3%          1
b - Stone Arrow           Conj/Erth      28%        3d8       17%         3

Your spell library contained the following spells:

 Spells                   Type           Power      Damage    Failure   Level
 Passwall                 Erth           18%        N/A       12%         3
 Freeze                   Ice            8%         1d3       26%         1
 Hailstorm                Conj/Ice       6%         3d5       41%         3
 Brom's Barrelling Bould  Conj/Erth      14%        2d4       50%         4
 Frozen Ramparts          Ice            4%         1d1       58%         3
 Fugue of the Fallen      Necr           2%         N/A       58%         3
 Ozocubu's Armour         Ice            2%         N/A       58%         3
 Petrify                  Alch/Erth      10%        N/A       67%         4
 Manifold Assault         Tloc           2%         N/A       94%         4


Dungeon Overview and Level Annotations

Branches:
Dungeon (4/15)
 Temple: D:4-7

Altars:
Wu Jian

Shops:
D:1 [   D:2 [   D:4 !

Annotations:
D:4 Eustachio


Innate Abilities, Weirdness & Mutations

You are immune to sickness and miasma.
Your stone body is resilient. (AC +3)
You are immune to poison.
You resist negative energy. (rN+)
You are resistant to electric shocks. (rElec)
You are resistant to unholy torment.
You are immune to petrification.


Message History

Eustachio mumbles some strange words.
Casting: Sandblast (safe; 3% risk of failure)
Confirm with . or Enter, or press ? or * to list all spells.
Aiming: Sandblast (safe; 3% risk of failure)
Press: ? - help, Shift-Dir - straight line, f - Eustachio
Aim: Eustachio, wielding a +4 rapier of freezing and wearing a +0 leather armour (moderately wounded, 75% to hit)
The blast of sand hits Eustachio but does no damage.
Eustachio is moderately wounded.
Eustachio casts a spell.
Eustachio blinks!
Casting: Sandblast (safe; 3% risk of failure)
Confirm with . or Enter, or press ? or * to list all spells.
Aiming: Sandblast (safe; 3% risk of failure)
Press: ? - help, Shift-Dir - straight line, f/p - Eustachio
Aim: Eustachio, wielding a +4 rapier of freezing and wearing a +0 leather armour (moderately wounded, 75% to hit)
The blast of sand hits Eustachio!
Eustachio is heavily wounded.
The river rat bites you. The river rat barely misses you.
Casting: Sandblast (safe; 3% risk of failure)
Confirm with . or Enter, or press ? or * to list all spells.
Aiming: Sandblast (safe; 3% risk of failure)
Press: ? - help, Shift-Dir - straight line, f/p - Eustachio
Aim: Eustachio, wielding a +4 rapier of freezing and wearing a +0 leather armour (heavily wounded, 75% to hit)
The blast of sand hits Eustachio!
Eustachio is severely wounded.
Eustachio hits you with a +4 rapier of freezing!
Eustachio freezes you. The river rat bites you!
* * * LOW HITPOINT WARNING * * *
Casting: Sandblast (safe; 3% risk of failure)
Confirm with . or Enter, or press ? or * to list all spells.
Aiming: Sandblast (safe; 3% risk of failure)
Press: ? - help, Shift-Dir - straight line, f/p - Eustachio
Aim: Eustachio, wielding a +4 rapier of freezing and wearing a +0 leather armour (severely wounded, 75% to hit)
The blast of sand hits Eustachio!
Eustachio is almost dead.
Eustachio barely misses you. The river rat bites you.
* * * LOW HITPOINT WARNING * * *
Eustachio casts a spell.
The river rat bites you!
You die...

######## .......##
≈.......######
~.............
~~..≈~.######
≈≈≈♣≈~P.....#######
≈~≈~~≈...........5##.#
~~≈≈~.......###.@....#
≈~~~........###r#@#..#
≈≈≈.P.P..............#
≈~.....####.###.#5#..#
~......# #.# #...)...#
....... #.# ###.##.##
....... ..# .# '.
##..## ### .# ## #.##


You could see Eustachio, 2 quasits and a river rat (summoned).

Vanquished Creatures
  An adder (D:2)
  3 dart slugs
  A ribbon worm (D:3)
  An orc (D:3)
  4 endoplasms
  2 giant cockroaches
  8 goblins
  8 hobgoblins
  4 quokkas
  9 ball pythons
  9 bats
  5 frilled lizards
  7 kobolds
  3 rats (D:1)
65 creatures vanquished.

Notes
Turn   | Place    | Note
-------+----------+-------------------------------------------
     0 | D:1      | Essalna the Gargoyle Earth Elementalist began the quest for
                  | the Orb.
     0 | D:1      | Reached XP level 1. HP: 10/10 MP: 3/3
    69 | D:1      | Reached XP level 2. HP: 15/15 MP: 3/5
   186 | D:1      | Reached skill level 4 in Earth Magic
   400 | D:1      | Reached XP level 3. HP: 14/19 MP: 4/6
   603 | D:1      | Found a faded altar of an unknown god.
   656 | D:1      | Found Aluotsuj's Antique Armour Boutique.
  1700 | D:2      | Found Juog Gue's Antique Armour Shop.
  1702 | D:2      | Reached XP level 4. HP: 24/24 MP: 6/8
  1821 | D:2      | Learned a level 3 spell: Stone Arrow
  2907 | D:4      | Noticed Eustachio
  2930 | D:4      | Found an ornate altar of the Wu Jian Council.
  2963 | D:4      | Found Dedajas's Distillery.
  3029 | D:4      | Slain by a river rat

Illustrated notes

Levels and vault maps discovered:
D:1:      denvon_arrival_waterhouse, layout_basic,
          shapermc_ecumenical_altar_petra, serial_shops, nicolae_lakefront_shop,
          minmay_cut_off
D:2:      layout_basic, serial_shops, shop, kennysheep_path_1,
          minmay_stone_trees_small, grunt_decor_fettered
D:3:      layout_loops_ring, serial_park_tiny_2, amcnicky_mini_pool_small
D:4:      layout_loops_ring, amcnicky_altar_gilded,
          nicolae_wu_jian_wuxing_cycle, serial_shops, shop,
          eino_small_chamber_without_monster, grunt_ministairs_14,
          minmay_misc_feat_x, guppyfry_early_lair_pool, uniq_eustachio

Skill      XL: |  1  2 |
---------------+-------+-----
Earth Magic    | 4 |  4.5
Conjurations   | 2 |  2.6
Dodging        | |  1.5
Stealth        | |  2.1
Shields        | |  0.7
Spellcasting   | |  2.9

Action                     |  1- 3 |  4- 6 || total
---------------------------+-------+-------++-------
  Melee: Dagger            |    10 |       ||    10
         Unarmed           |     7 |       ||     7
  Throw: Javelin           |     2 |       ||     2
   Cast: Sandblast         |    53 |    39 ||    92
 Armour: Robe              |    22 |    18 ||    40
  Dodge: Dodged            |    20 |    14 ||    34
  Block: Buckler           |       |     4 ||     4

Table legend: (Time is in decaauts)
 A = Elapsed time spent in this place.
 B = Non-inter-level travel time spent in this place.
 C = Inter-level travel time spent in this place.
 D = Time resting spent in this place.
 E = Time spent auto-exploring this place.
 F = Levels seen in this place.
 G = Mean time per level.
                   A        B        C        D        E       F      G
               +--------+--------+--------+--------+--------+-----+--------+
         Total |   3076 |   2940 |    136 |      0 |   2570 |   4 |  769.0 |
       Dungeon |   3076 |   2940 |    136 |      0 |   2570 |   4 |  769.0 |
               +--------+--------+--------+--------+--------+-----+--------+

Top non-repeatable levels by time:
     D:1: 1271 daAuts
     D:2: 859 daAuts
     D:3: 829 daAuts
     D:4: 116 daAuts
